 Dungeon Crawl Stone Soup version 0.24-a0-479-g9a978d2894 (webtiles) character file.

Game seed: 2702919336236584421

0 Gargoyl the Skirmisher (level 1, -4/19 HPs)
             Began as a Centaur Abyssal Knight on July 6, 2019.
             Was a Follower of Lugonu.
             Slain by a reaper
             ... wielding a +3 vampiric scythe
              (18 damage)
             ... on level 2 of the Abyss.
             The game lasted 00:00:26 (178 turns).

Gargoyl the Skirmisher (Centaur Abyssal Knight)      Turns: 178, Time: 00:00:26

Health: -4/19      AC:  4    Str: 14    XL:     1   Next: 0%
Magic:  2/2        EV:  9    Int: 11    God:    Lugonu [*.....]
Gold:   0          SH:  0    Dex:  8    Spells: 0/0 levels left

rFire    . . .     SeeInvis .   a - +1 hand axe
rCold    . . .     Gourm    .   (no shield)
rNeg     . . .     Faith    .   b - +0 leather armour
rPois    .         Spirit   .   (no helmet)
rElec    .         Reflect  .   (no cloak)
rCorr    .         Harm     .   (no gloves)
MR       .....                  (no barding)
Stlth    ..........             (no amulet)
HPRegen  0.06/turn              (no ring)
MPRegen  0.08/turn              (no ring)

@: very quick
A: large, hooves 3, deformed body, speed 2, tough skin 3
a: Depart the Abyss, Renounce Religion


You were on level 2 of the Abyss.
You worshipped Lugonu.
Lugonu was aware of your devotion.
You were not hungry.

You visited 0 branches of the dungeon, and saw 0 of its levels.
You visited the Abyss 1 time.

Inventory:

Hand Weapons
 a - a +1 hand axe (weapon)
Armour
 b - a +0 leather armour (worn)
Comestibles
 c - 2 rations


   Skills:
 + Level 3.0 Fighting
 + Level 1.7 Axes
 + Level 1.3 Armour
 + Level 0.6 Dodging
 + Level 2.0 Invocations


You couldn't memorise any spells.
You didn't know any spells.
Your spell library contained the following spells:

 Spells                   Type           Power        Failure   Level  Hunger
 Confusing Touch          Hex            #.....       41%         1    ##.....
 Confuse                  Hex            #.......     78%         3    ####...
 Gell's Gravitas          Tloc           #.........   78%         3    ####...
 Petrify                  Tmut/Erth      #.......     99%         4    #####..
 Metabolic Englaciation   Hex/Ice        #.........   100%        5    ######.
 Yara's Violent Unravell  Hex/Tmut       #.........   100%        5    ######.


Dungeon Overview and Level Annotations

Branches:
Dungeon (0/15)

Altars:


Innate Abilities, Weirdness & Mutations

You have hooves in place of feet.
Armour fits poorly on your strangely shaped body.
You cover ground very quickly.
You have extremely tough skin. (AC +3)


Message History

A spatial maelstrom comes into view.
A spatial vortex comes into view.
As you read the scroll labeled FAIMAMPULYM, it crumbles to dust.
It is a scroll of amnesia.
You feel forgetful for a moment.
Found a corrupted altar of Lugonu. 2 spatial vortices come into view.
You see here a ration.
c - 2 rations (gained 1)
The spatial maelstrom hits you but does no damage.
The spatial maelstrom barely misses you.
Found an ivory wand.
A reaper comes into view. It is wielding a +3 vampiric scythe.
The reaper hits you from afar with a +3 vampiric scythe.
A thrashing horror comes into view.
The thrashing horror roars!
You hear a roar!
You hear a bark!
Unknown command.
The reaper hits you with a +3 vampiric scythe!!
Ouch! That really hurt!
You die...

.. .......... . .. ..
#.. #..##..# ..# . #
..##..##..##..##..## .#
......X.......... ....
................_.... #
#.. #..##..##..##..
#..##..##X.##..# ...#..#
.......2..........v.....
..#.#.@v##.###.....#.v#
#######.# .#.v... .
####..##.# #..# ..
..##.#..#.... .. .#.
..... ##.. ..# ...... #
...#.#....#. # . ##.. ##
. #.#.. ...# #


You could see a reaper, a spatial maelstrom and a thrashing horror.

Vanquished Creatures (others)
  A silent spectre (Abyss:2)
  A small abomination (Abyss:2)
2 creatures vanquished.

Notes
Turn   | Place    | Note
-------+----------+-------------------------------------------
     0 | Abyss:1  | Gargoyl the Centaur Abyssal Knight began the quest for the
                  | Orb.
     0 | Abyss:1  | Reached XP level 1. HP: 19/19 MP: 2/2
    47 | Abyss:1  | Noticed a small abomination
   126 | Abyss:2  | Killed a silent spectre
   164 | Abyss:2  | Noticed a spatial maelstrom
   165 | Abyss:2  | Noticed a spatial vortex
   166 | Abyss:2  | Found a corrupted altar of Lugonu.
   168 | Abyss:2  | Noticed a spatial vortex
   168 | Abyss:2  | Noticed a spatial vortex
   173 | Abyss:2  | Noticed a reaper
   173 | Abyss:2  | Killed a small abomination
   177 | Abyss:2  | Noticed a thrashing horror
   177 | Abyss:2  | Noticed a thrashing horror
   178 | Abyss:2  | Slain by a reaper

Levels and vault maps discovered:
Abyss:2:  lemuel_flamethrower_2

Action                   || total
-------------------------++-------
  Use: Scroll            ||     1
Armor: Leather armour    ||     1
Dodge: Dodged            ||     2

Table legend:
 A = Non-vault XP
 B = Vault XP
 C = Vault XP percentage of total XP
 D = Non-vault monster count
 E = Vault monster count
 F = Vault count percentage of total count
                 A         B        C        D         E       F
            +---------+---------+-------+---------+---------+-------
      Total |       0 |       0 |   N/A |       0 |       0 |  -nan
            +---------+---------+-------+---------+---------+-------
            +---------+---------+-------+---------+---------+-------
